 Dungeon Crawl Stone Soup version 0.30-a0-782-ge64f9170bb (webtiles) character file.

Game seed: 1000711735115611952

84 funkygono the Trooper (level 4, 0/40 HPs)
             Began as a Minotaur Fighter on Mar 18, 2023.
             Slain by an ogre
             ... wielding a +0 giant club
              (6 damage)
             ... on level 4 of the Dungeon.
             The game lasted 00:02:40 (2047 turns).

funkygono the Trooper (Minotaur Fighter)            Turns: 2047, Time: 00:02:41

Health: 0/40       AC:  7    Str: 22    XL:     4   Next: 24%
Magic:  3/3        EV:  9    Int:  5    God:
Gold:   129        SH:  4    Dex: 10    Spells: 3/3 levels left

rFire   . . .      SeeInvis .    a - +0 war axe
rCold   . . .      Faith    .    c - +0 buckler
rNeg    . . .      Spirit   .    b - +0 scale mail
rPois   .          Reflect  .    (helmet restricted)
rElec   .          Harm     .    (no cloak)
rCorr   .          Rampage  .    (no gloves)
Will    .....                    (no boots) Stlth
                                 (no amulet)
HPRegen 0.26/turn                (no ring)
MPRegen 0.08/turn                (no ring)

@: no status effects
A: horns 2, retaliatory headbutt
a: no special abilities


You were on level 4 of the Dungeon.
You visited 1 branch of the dungeon, and saw 4 of its levels.

You collected 129 gold pieces.

Inventory:

Hand Weapons
 a - a +0 war axe (weapon)
 e - a +0 battleaxe
Armour
 b - a +0 scale mail (worn)
 c - a +0 buckler (worn)
Jewellery
 k - a ring of flight
Scrolls
 f - a scroll of poison {unknown}
 i - a scroll of teleportation {unknown}
 l - 4 scrolls of identify {unknown}
 n - a scroll of enchant armour {unknown}
 q - 2 scrolls of immolation {unknown}
 r - a scroll of magic mapping {unknown}
 t - a scroll of blinking {unknown}
Potions
 d - a potion of might
 g - 3 potions of curing {unknown}
 h - a potion of flight {unknown}
 j - 3 potions of lignification {unknown}
 m - a potion of degeneration {unknown}
 o - 2 potions of haste {unknown}
 p - 2 potions of heal wounds {unknown}
 s - a potion of cancellation {unknown}


   Skills:
 + Level 4.3 Fighting
 + Level 3.7 Axes
 + Level 4.2 Armour
 + Level 0.5 Dodging
 + Level 4.2 Shields


You had 3 spell levels left.
You didn't know any spells.
Your spell library contained the following spells:

 Spells                   Type           Power      Damage    Failure   Level
 Frozen Ramparts          Ice            0%         1d1       99%         3
 Ice Form                 Ice/Tmut       0%         N/A       100%        4
 Summon Ice Beast         Ice/Summ       0%         N/A       100%        4


Dungeon Overview and Level Annotations

Branches:
Dungeon (4/15)
 Temple: D:4-7

Altars:

Shops:
D:3 :**!(


Innate Abilities, Weirdness & Mutations

You have a pair of horns on your head.
You reflexively headbutt those who attack you in melee.


Message History

There is a stone staircase leading down here.
There is a stone staircase leading up here.
l - 4 scrolls labelled ZEUNET HUX (gained 1) Done exploring.
Done exploring.
(D) Dungeon
Where to? (Enter - D:3, ? - help)
What level of the Dungeon? (default 1, ? - help)
There is a stone staircase leading down here.
You climb downwards.
Found a scroll labelled TOIRHA GOLIMYPRY and a book of Rime.
There is a stone staircase leading up here.
Search for what [? for help]? armour Unknown command.
A hobgoblin comes into view.
Found a quarterstaff.
The hobgoblin hits you but does no damage.
You hit the hobgoblin.
You kill the hobgoblin!
You see here a hobgoblin corpse.
q - 2 scrolls labelled TOIRHA GOLIMYPRY (gained 1)
A quokka comes into view.
The quokka moves out of view.
Found a stone staircase leading up and a stone staircase leading down.
You pick up a book of Rime and begin reading...
You add the spells Frozen Ramparts, Ice Form and Summon Ice Beast to your library.
Found an escape hatch in the ceiling.
An ogre comes into view. It is wielding a +0 giant club.
The ogre shouts!
A necrophage comes into view.
You barely miss the ogre. You headbutt the ogre.
The ogre is lightly wounded.
The ogre hits you with a +0 giant club!!
Ouch! That really hurt!
* * * LOW HITPOINT WARNING * * *
You hear a shout!
You slash the ogre! You headbutt the ogre!
The ogre is almost dead.
The ogre hits you with a +0 giant club.
You die...

#. #...# #...# #...#
# #...# ##.####
#####...######.?.....
.............@O..#
..............n..#
....................#
###.#...#.####.......
#.#...#.# ..###<. #
#.#...#.# .... . ##.
#.#...#.# #####
...###.#...#.#
.><.......)..#


You could see an ogre and a necrophage.

Vanquished Creatures
  An adder (D:2)
  4 worms
  2 dart slugs (D:1)
  6 endoplasms
  2 giant cockroaches
  3 goblins
  3 hobgoblins
  4 jackals (D:1)
  5 quokkas (D:1)
  3 ball pythons
  4 bats
  12 frilled lizards
  5 kobolds
  8 rats
62 creatures vanquished.

Vanquished Creatures (others)
  3 plants (D:1)
3 creatures vanquished.

Grand Total: 65 creatures vanquished

Notes
Turn   | Place    | Note
-------+----------+-------------------------------------------
     0 | D:1      | funkygono the Minotaur Fighter began the quest for the Orb.
     0 | D:1      | Reached XP level 1. HP: 19/19 MP: 0/0
   123 | D:1      | Reached XP level 2. HP: 27/27 MP: 1/1
   457 | D:1      | Found a faded altar of an unknown god.
   460 | D:1      | Reached XP level 3. HP: 33/33 MP: 2/2
  1063 | D:2      | Reached XP level 4. HP: 40/40 MP: 3/3
  1482 | D:3      | Found Yfuygac's Assorted Antiques.
  1485 | D:3      | Found Pemnuato's Distillery.
  1545 | D:3      | Found Eluceilu's Antique Weapon Shop.
  1631 | D:3      | Found Dixon's Book Boutique.
  1908 | D:3      | Found Juaf's General Store.
  2040 | D:4      | Noticed an ogre
  2041 | D:4      | Noticed a necrophage
  2047 | D:4      | Slain by an ogre

Illustrated notes

Levels and vault maps discovered:
D:1:      lightli_arrival_boilingwater, layout_basic,
          hellmonk_ecumenical_altar_crossroads, minmay_lizard_king
D:2:      layout_basic, minmay_between
D:3:      layout_rooms, serial_shops, nicolae_shop_advertising_works
          [nicolae_subvault_shop_adworks], shop, nicolae_shop_hallway_plus,
          nicolae_shop_overgrown_old_shop, shop, hangedman_abyss_or_decor_stabs
D:4:      layout_loops_cross, overflow_temple_1_default,
          gammafunk_temple_overflow_forgotten, bloody_makhleb

Skill      XL: |  1  2  3 |
---------------+----------+-----
Shields        | 4 |  4.2
Fighting       | 4 |  4.3
Axes           | 3 |  3.7
Armour         | 4 |  4.2
Dodging        | |  0.5

Action                     |  1- 3 |  4- 6 || total
---------------------------+-------+-------++-------
  Melee: War axe           |    87 |    19 ||   106
         Headbutt          |     9 |     5 ||    14
 Armour: Scale mail        |    30 |     4 ||    34
  Dodge: Dodged            |    43 |     6 ||    49
  Block: Buckler           |    22 |     2 ||    24

Table legend: (Time is in decaauts)
 A = Elapsed time spent in this place.
 B = Non-inter-level travel time spent in this place.
 C = Inter-level travel time spent in this place.
 D = Time resting spent in this place.
 E = Time spent auto-exploring this place.
 F = Levels seen in this place.
 G = Mean time per level.
                   A        B        C        D        E       F      G
               +--------+--------+--------+--------+--------+-----+--------+
         Total |   2088 |   2001 |     87 |      0 |   1627 |   4 |  522.0 |
       Dungeon |   2088 |   2001 |     87 |      0 |   1627 |   4 |  522.0 |
               +--------+--------+--------+--------+--------+-----+--------+

Top non-repeatable levels by time:
     D:2: 797 daAuts
     D:1: 664 daAuts
     D:3: 584 daAuts
     D:4: 41 daAuts
